 Dungeon Crawl Stone Soup version 0.26-a0-851-g735459dd53 (webtiles) character file.

Game seed: 13312194200135110106

13 Froggeryz the Sneak (level 2, 0/24 HPs)
             Began as a Formicid Delver on Nov 21, 2020.
             Succumbed to an adder's poison
             ... on level 4 of the Dungeon.
             The game lasted 00:00:59 (131 turns).

Froggeryz the Sneak (Formicid Delver)                Turns: 131, Time: 00:00:59

Health: 0/24       AC:  3    Str: 16    XL:     2   Next: 50%
Magic:  2/2        EV: 12    Int:  9    God:
Gold:   37         SH:  0    Dex: 12    Spells: 1/1 levels left

rFire    . . .     SeeInvis +   a - +0 hand axe
rCold    . . .     Faith    .   (no shield)
rNeg     . . .     Spirit   .   b - +0 leather armour
rPois    .         Reflect  .   (helmet unavailable)
rElec    .         Harm     .   (no cloak)
rCorr    .         Rampage  .   (no gloves)
MR       .....                  (no boots)
Stlth    +++.......             (no amulet)
HPRegen  0.08/turn              (no ring)
MPRegen  0.08/turn              (no ring)

@: lethally poisoned (0 -> -5)
A: permanent stasis, dig shafts and tunnels, four strong arms, antennae 3
a: Dig, Shaft Self


You were on level 4 of the Dungeon.
You visited 1 branch of the dungeon, and saw 2 of its levels.

You collected 37 gold pieces.

Inventory:

Hand Weapons
 a - a +0 hand axe (weapon)
Armour
 b - a +0 leather armour (worn)
Wands
 f - a wand of digging (3)
Scrolls
 c - a scroll of fog
 d - a scroll of magic mapping


   Skills:
 - Level 3.2 Fighting
 * Level 2.6 Axes
 + Level 1.1 Armour
 - Level 1.7 Dodging
 - Level 6.0 Stealth


You had one spell level left.
You didn't know any spells.
Your spell library was empty.

Dungeon Overview and Level Annotations

Branches:
Dungeon (5/15)
 Temple: D:4-7

Altars:


Innate Abilities, Weirdness & Mutations

You cannot be hasted, slowed, berserked, paralysed or teleported.
You can dig through walls and to a lower floor.
Your four strong arms can wield two-handed weapons with a shield.
You have a pair of large antennae on your head. (SInv)


Message History

An iguana comes into view.
The iguana hisses angrily.
The adder closely misses you.
As you read the scroll of fear, it crumbles to dust.
You assume a fearsome visage.
The gnoll looks frightened!
The iguana looks frightened!
The adder looks frightened!
Cornered, the adder turns to fight!
Cornered, the gnoll turns to fight!
Found a pair of boots.
You aren't carrying any potions.
Okay, then.
You hit the adder.
The adder is heavily wounded.
The adder bites you.
* * * LOW HITPOINT WARNING * * *
You are lethally poisoned!
The adder poisons you! The adder bites you.
* * * LOW HITPOINT WARNING * * *
You miss the adder.
The adder is heavily wounded.
You die...

###.....g...#
#. .l #
##...g..g.#
.#.# ##.....#{#
...#
##...##g####..#
##+###..g....#
######g## #g#
#S# #@# #.# ..#
####


You could see 2 gnolls and an adder.

Vanquished Creatures
  A gnoll (D:4)
  An adder skeleton (D:4)
2 creatures vanquished.

Notes
Turn   | Place    | Note
-------+----------+-------------------------------------------
     0 | D:5      | Froggeryz the Formicid Delver began the quest for the Orb.
     0 | D:5      | Reached XP level 1. HP: 18/18 MP: 1/1
    24 | D:4      | Noticed a worker ant
   101 | D:4      | Reached skill level 1 in Armour
   101 | D:4      | Reached XP level 2. HP: 16/24 MP: 2/2
   130 | D:4      | HP: 1/24 [adder (2)]
   131 | D:4      | Succumbed to an adder's poison

Illustrated notes

Levels and vault maps discovered:
D:4:      layout_loops_corners, serial_glass, glass_columns_c, glass_columns_a,
          glass_columns_a, glass_columns_b, due_unseen_surprise,
          small_statue_intersection
D:5:      layout_cave_pools, serial_shops, nicolae_shop_waterfront

Skill      XL: |  1 |
---------------+----+-----
Armour         | 1 |  1.1
Fighting       | |  3.2
Axes           | |  2.6
Dodging        | |  1.7
Stealth        | |  6.0

Action                   || total
-------------------------++-------
Melee: Hand axe          ||    16
  Use: Scroll            ||     1
Armor: Leather armour    ||     1
Dodge: Dodged            ||    15

Table legend: (Time is in decaauts)
 A = Elapsed time spent in this place.
 B = Non-inter-level travel time spent in this place.
 C = Inter-level travel time spent in this place.
 D = Time resting spent in this place.
 E = Time spent auto-exploring this place.
 F = Levels seen in this place.
 G = Mean time per level.
                   A        B        C        D        E       F      G
               +--------+--------+--------+--------+--------+-----+--------+
         Total |    133 |    133 |      0 |      0 |      0 |   2 |   66.5 |
       Dungeon |    133 |    133 |      0 |      0 |      0 |   2 |   66.5 |
               +--------+--------+--------+--------+--------+-----+--------+

Top non-repeatable levels by time:
     D:4: 121 daAuts
     D:5: 12 daAuts
